 Dungeon Crawl Stone Soup version 0.27.1-34-g3ba077fa99 (webtiles) character file.

Game seed: 13814999923658645242

337 cbfl8 the Slasher (level 6, -1/50 HPs)
             Began as a Minotaur Wanderer on Jan 18, 2022.
             Slain by Pikel (3 damage)
             ... on level 4 of the Dungeon.
             The game lasted 00:11:26 (4926 turns).

cbfl8 the Slasher (Minotaur Wanderer)               Turns: 4926, Time: 00:11:27

Health: -1/50      AC: 14    Str: 14    XL:     6   Next: 28%
Magic:  5/5        EV:  5    Int: 11    God:
Gold:   201        SH:  3    Dex: 12    Spells: 4/5 levels left

rFire    . . .     SeeInvis .   n - +4 dagger (flame)
rCold    . . .     Faith    .   p - +0 buckler
rNeg     . . .     Spirit   .   h - +0 chain mail
rPois    .         Reflect  .   (helmet restricted)
rElec    .         Harm     .   (no cloak)
rCorr    .         Rampage  .   j - +0 pair of gloves
Will     .....                  (no boots)
Stlth    ..........             (no amulet)
HPRegen  0.16/turn              g - +4 ring of protection
MPRegen  0.09/turn              (no ring)

@: no status effects
A: horns 2, retaliatory headbutt
a: no special abilities


You were on level 4 of the Dungeon.
You visited 2 branches of the dungeon, and saw 5 of its levels.

You collected 201 gold pieces.

Inventory:

Hand Weapons
 a - a +3 falchion
 n - a +4 dagger of flaming (weapon)
Missiles
 l - 54 bolts
Armour
 b - a +0 robe
 h - a +0 chain mail (worn)
 j - a +0 pair of gloves (worn)
 m - a +0 pair of gloves
 p - a +0 buckler (worn)
Jewellery
 g - a +4 ring of protection (left hand)
Scrolls
 d - 4 scrolls of magic mapping
 e - a scroll of fog {unknown}
 f - 4 scrolls of identify
 o - a scroll of amnesia {unknown}
Potions
 i - 2 potions of curing {unknown}


   Skills:
 + Level 2.4 Fighting
 + Level 0.5(2.3) Short Blades
 + Level 4.0(4.1) Long Blades
 + Level 1.1 Throwing
 + Level 2.6 Armour
 + Level 1.7 Dodging
 + Level 1.3 Stealth
 + Level 0.1 Spellcasting
 + Level 0.4 Summonings
 + Level 1.7 Translocations
 + Level 3.2 Air Magic
 + Level 1.0 Evocations


You had 4 spell levels left.
You knew the following spells:

 Your Spells              Type           Power      Damage    Failure   Level
a - Summon Small Mammal   Summ           4%         N/A       100%        1

Your spell library contained the following spells:

 Spells                   Type           Power      Damage    Failure   Level
 Poisonous Vapours        Pois/Air       6%         N/A       100%        2
 Static Discharge         Conj/Air       3%         N/A       100%        2
 Call Canine Familiar     Summ           1%         N/A       100%        3


Dungeon Overview and Level Annotations

Branches:
Dungeon (4/15)             Temple (1/1) D:4

Altars:
Ashenzari
Cheibriados
Dithmenos
Elyvilon
Fedhas
Hepliaklqana
Kikubaaqudgha
Okawaru
Sif Muna
Trog
Uskayaw
Vehumet
Wu Jian
The Shining One

Annotations:
D:4 Pikel


Innate Abilities, Weirdness & Mutations

You have a pair of horns on your head.
You reflexively headbutt those who attack you in melee.


Message History

Pikel barely misses you.
Unknown command.
You hit Pikel. You burn Pikel. Your headbutt misses Pikel.
Pikel is heavily wounded.
Pikel hits you with a +1 whip of flaming.
Pikel burns you.
Unknown command.
Unknown command.
You hit Pikel but do no damage.
Pikel is heavily wounded.
Pikel hits you but does no damage.
Unknown command.
You hit Pikel but do no damage.
Pikel is heavily wounded.
Pikel hits you but does no damage.
Unknown command.
You closely miss Pikel. You headbutt Pikel, but do no damage.
Pikel is heavily wounded.
Pikel hits you but does no damage.
Unknown command.
You hit Pikel. You burn Pikel. Your headbutt misses Pikel.
Pikel is severely wounded.
Pikel hits you with a +1 whip of flaming.
Pikel burns you.
Unknown command.
You hit Pikel but do no damage.
Pikel is severely wounded.
Pikel hits you with a +1 whip of flaming.
* * * LOW HITPOINT WARNING * * *
Pikel burns you.
* * * LOW HITPOINT WARNING * * *
Unknown command.
Your chain mail prevents you from hitting Pikel.
You headbutt Pikel.
Pikel is severely wounded.
Pikel says, "You'll make a fine lemure."
Pikel hits you with a +1 whip of flaming!
* * * LOW HITPOINT WARNING * * *
Pikel burns you.
You die...

#..# ##########..#.#
##...........#.#
#............#.## ##
#............#.##.#.
#.#....#'##..#.##.#.
#.#....5KK.5.#.#....
#.####.#.###.#(####.
#.#@K55#.....#......
#.#.###############.
#...................
###.......##########
#####......###
#...P..P.#####
####....PP.......
#......P.>.P(#
#............#


You could see Pikel and 2 lemures.

Vanquished Creatures
  A necrophage (D:3)
  A phantom (D:4)
  Jessica (D:2)
  4 gnolls (D:3)
  5 adders
  A worm (D:2)
  A dart slug (D:2)
  6 orcs
  4 endoplasms
  A giant cockroach (D:2)
  7 goblins
  8 hobgoblins
  5 kobolds
  5 quokkas
  10 ball pythons
  A bat (D:2)
  3 frilled lizards
  3 rats
  A bush (D:1)
68 creatures vanquished.

Vanquished Creatures (others)
  A fungus (D:2)
  2 plants (D:4)
3 creatures vanquished.

Grand Total: 71 creatures vanquished

Notes
Turn   | Place    | Note
-------+----------+-------------------------------------------
     0 | D:1      | cbfl8 the Minotaur Wanderer began the quest for the Orb.
     0 | D:1      | cbfl8 set off with the following items: a +2 falchion, a +0
                  | robe; and the following spell memorised: Summon Small
                  | Mammal; and the following spells available to memorise:
                  | Poisonous Vapours, Static Discharge, Call Canine Familiar
     0 | D:1      | Reached XP level 1. HP: 16/16 MP: 0/0
   541 | D:1      | Reached XP level 2. HP: 13/23 MP: 1/1
  1631 | D:2      | Found a faded altar of an unknown god.
  1811 | D:2      | You fall into a shaft and drop 1 floor!
  1888 | D:3      | Reached XP level 3. HP: 27/28 MP: 2/2
  1903 | D:3      | Noticed a necrophage
  1915 | D:3      | Killed a necrophage
  1916 | D:3      | Reached skill level 2 in Long Blades
  1916 | D:3      | Reached skill level 1 in Armour
  1916 | D:3      | Reached XP level 4. HP: 23/36 MP: 3/3
  2051 | D:3      | Found a hazy altar of Hepliaklqana.
  2177 | D:3      | Found a blossoming altar of Fedhas.
  2218 | D:3      | Reached XP level 5. HP: 41/41 MP: 1/4
  2223 | D:3      | Reached skill level 1 in Dodging
  2459 | D:3      | Noticed Jessica
  2483 | D:2      | Reached skill level 3 in Long Blades
  2485 | D:2      | Killed Jessica
  3797 | D:3      | Found an ancient bone altar of Kikubaaqudgha.
  4208 | D:4      | Found an ornate altar of the Wu Jian Council.
  4208 | D:4      | Found a shadowy altar of Dithmenos.
  4341 | D:4      | Noticed a phantom
  4351 | D:4      | Noticed Pikel
  4351 | D:4      | Noticed a lemure
  4351 | D:4      | Noticed a lemure
  4351 | D:4      | Noticed a lemure
  4351 | D:4      | Noticed a lemure
  4662 | D:4      | Found a staircase to the Ecumenical Temple.
  4686 | Temple   | Entered the Ecumenical Temple
  4831 | D:4      | Killed a phantom
  4832 | D:4      | Reached skill level 4 in Long Blades
  4832 | D:4      | Reached XP level 6. HP: 45/50 MP: 5/5
  4926 | D:4      | HP: 2/50 [Pikel (9)]
  4926 | D:4      | Slain by Pikel

Illustrated notes

Levels and vault maps discovered:
D:1:      minmay_arrival_checkered_box, layout_basic, serial_park_tiny_1
D:2:      layout_loops_corners, shapermc_ecumenical_altar_acropolis
D:3:      layout_rooms, mainiacjoe_overflow_alcove_2, fedhas_altar_fruit_tree,
          nicolae_kikubaaqudgha_miasma_corner, nrook_mini_vaults,
          minmay_misc_feat_more_columns, uniq_jessica
D:4:      layout_basic, amethyst_overflow_temple_binary,
          minmay_temple_entry_overgrown, uniq_pikel
Temple:   dpeg_three_leaves_temple

Skill      XL: |  1  2  3  4  5 |
---------------+----------------+-----
Long Blades    | 2 4 |  4.0
Armour         | 1 2 |  2.6
Air Magic      | 3 |  3.2
Dodging        | 1 |  1.7
Fighting       | 2 |  2.4
Short Blades   | |  0.5
Throwing       | |  1.1
Stealth        | |  1.3
Spellcasting   | |  0.1
Summonings     | |  0.4
Translocations | |  1.7
Evocations     | |  1.0

Action                   |  1- 3 |  4- 6 || total
-------------------------+-------+-------++-------
Melee: Falchion          |   110 |    86 ||   196
       Headbutt          |    25 |    21 ||    46
       Dagger            |       |    54 ||    54
 Cast: Summon Small Mamm |       |     3 ||     3
  Use: Scroll            |     3 |     4 ||     7
       Potion            |       |     2 ||     2
Armor: Chain mail        |    10 |   101 ||   111
       Robe              |     3 |       ||     3
       Skin              |       |    64 ||    64
Dodge: Dodged            |    27 |    61 ||    88
Block: Buckler           |       |     2 ||     2
       Rpst.: Falchion   |    10 |    11 ||    21
